 Dungeon Sprint DCSS version 0.24.1 (webtiles) character file.

Game seed: 8969229116545480477, levelgen mode: deterministic

3963 Groucho the Imperceptible (level 10, -41/50 HPs)
             Began as a Felid Berserker on Mar 29, 2020.
             Was the Champion of Trog.
             Killed from afar by a fire giant (48 damage)
             ... with a fireball
             ... in the Dungeon (Sprint I: "Red Sonja").
             The game lasted 00:16:01 (3146 turns).

Groucho the Imperceptible (Felid Berserker)         Turns: 3146, Time: 00:16:01

Health: -41/50     AC: -2    Str: 16      XL:     10   Next: 2%
Magic:  11/11      EV: 34    Int:  8 (9)  God:    Trog [******]
Gold:   1161       SH:  3    Dex: 19      Spells: 9/9 levels left
                                        Lives:  0   Deaths: 3

rFire    . . .     SeeInvis +     - Unarmed
rCold    . . .     Gourm    .   (shield unavailable)
rNeg     . . .     Faith    .   (armour unavailable)
rPois    .         Spirit   .   (helmet unavailable)
rElec    .         Reflect  +   (cloak unavailable)
rCorr    .         Harm     .   (gloves unavailable)
MR       +....     Clarity  +   (boots unavailable) Stlth +++++++++.NoTele +
                                q - +3 amulet of reflection
HPRegen  0.16/turn              d - ring of flight
MPRegen  0.12/turn              g - +3 ring of strength

@: corroded, quick
A: very small, no armour, no weapons or thrown items, stealth, claws 1, fangs 3,
see invisible, carnivore, clarity, deterioration 1, speed 1, frail 1, screaming
1, shaggy fur 2, slow metabolism 1, no potion heal 1, sharp paws
a: Berserk, Trog's Hand, Brothers in Arms, Renounce Religion, Evoke Flight


You were in the Dungeon.
You worshipped Trog.
Trog was exalted by your worship.
You were not hungry.

You visited 1 branch You collected 1806 gold pieces.
You spent 645 gold pieces at shops.

Inventory:

Jewellery
 d - a ring of flight (left paw)
 g - a +3 ring of strength (right paw)
 q - a +3 amulet of reflection (around neck)
Wands
 b - a wand of flame (12)
 h - a wand of polymorph (6)
 n - a wand of digging (8)
 o - a wand of paralysis (6)
Scrolls
 i - a scroll of amnesia {unknown}
 k - a scroll of immolation {unknown}
 l - a scroll of holy word {unknown}
Potions
 c - a potion of heal wounds
 e - 2 potions of magic
 f - a potion of berserk rage
 p - 4 potions of curing


   Skills:
 + Level 14.1 Fighting
 + Level 17.6 Dodging
 + Level 23.4 Stealth
 + Level 14.1 Unarmed Combat


You had 9 spell levels left.
You didn't know any spells.
Your spell library was empty.

Dungeon Overview and Level Annotations

Branches:
Dungeon (1/1)

Altars:
Cheibriados
Dithmenos
Elyvilon
Fedhas
Gozag
Hepliaklqana
Kikubaaqudgha
Makhleb
Nemelex Xobeh
Okawaru
Qazlal
Ru
Sif Muna
Trog
Uskayaw
Vehumet
Wu Jian
Xom
Yredelemnul
Zin
The Shining One
Jiyva
Lugonu

Shops:
D (}:[=*}}(:}!}*!=!*[[!

Annotations:
D exclusion: oklob plant


Innate Abilities, Weirdness & Mutations

You cannot wear armour.
You are incapable of wielding weapons or throwing items.
Your paws allow you to move quietly. (Stealth)
You have sharp claws.
You have razor-sharp teeth.
You have supernaturally acute eyesight. (SInv)
You are carnivorous and can eat meat at any time.
You cover ground quickly.
You are covered in thick fur. (AC +2)
You have a slow metabolism.
Your sharp claws are effective at attacking unaware monsters.
You possess an exceptional clarity of mind.
Your body sometimes deteriorates upon taking damage.
You are frail. (-10% HP)
You occasionally shout uncontrollably at your foes.
Potions are less effective at restoring your health.


Message History

Really walk into a travel-excluded area?
The oklob plant spits acid at you. The splash of acid hits you!
You are splashed with acid!
Your body deteriorates!
You feel dopey.
There is an open door here.
Unknown command.
Your stone giant is no longer berserk.
The oklob plant spits acid at you. The splash of acid hits you!
The acid corrodes you!
You are splashed with acid!
* * * LOW HITPOINT WARNING * * *
Your stone giant throws a large rock.
The large rock hits the oklob plant!!!
The large rock disappears in a puff of smoke!
You see here the felid corpse of Groucho.
Unknown command.
Things that are here:
a cursed -2 spear; a merfolk corpse The fire giant gestures at you while chanting.
The fireball explodes!
The fireball engulfs you!!!
Ouch! That really hurt!
You die...

§####.§§§§##..'^^#
§# ##§§§#######'#
§# ###'# [)##..#
## #.##$$$#C.##
#..###$#..≈###
##.#A#$#..≈.[#
#..###$#..≈.#
#.##..$#..≈#
#..#+###.@≈#
##...#P≈.)##
###.#MC.†#
#.###..# #.#.'..#
####'#.##'##
###..†.#.#≈≈≈##
#...#### #≈≈≈≈##
...CC..###
#≈≈≈≈≈#######


You could see a fire giant, a mummy priest, an oklob plant and a friendly stone
giant.

Vanquished Creatures
  A hydra (D)
  2 centaur warriors (D)
  Sonja (D)
  A deep troll (D)
  7 unseen horrors (D)
  A lindwurm (D)
  An oklob plant (D)
  A merfolk siren (D)
  A shining eye (D)
  2 kobold demonologists (D)
  A hornet (D)
  A slime creature (D)
  2 redbacks (D)
  Sigmund (D)
  A yak (D)
  13 hogs (D)
  4 floating eyes (D)
  7 necrophages (D)
  An ogre (D)
  8 jellies (D)
  Ijyb (D)
  A ballistomycete spore (D)
59 creatures vanquished.

Vanquished Creatures (collateral kills)
  A deep elf annihilator (D)
  7 shining eyes (D)
  4 demonic crawlers (D)
  A hellwing (D)
  3 floating eyes (D)
16 creatures vanquished.

Vanquished Creatures (others)
  the Lernaean hydra (D)
  A merfolk siren (D)
  4 hornets (D)
  A ballistomycete spore (D)
7 creatures vanquished.

Grand Total: 82 creatures vanquished

Notes
Turn   | Place    | Note
-------+----------+-------------------------------------------
     0 | D        | Groucho the Felid Berserker began the quest for the Orb.
     0 | D        | Reached XP level 1. HP: 10/10 MP: 2/2
     2 | D        | Noticed Ijyb
     8 | D        | Killed Ijyb
     8 | D        | Reached skill level 8 in Stealth
     8 | D        | Reached XP level 2. HP: 14/14 MP: 3/3
   265 | D        | Noticed an ogre
   273 | D        | Killed an ogre
   273 | D        | Reached skill level 12 in Stealth
   273 | D        | Reached XP level 3. HP: 6/17 MP: 4/4
   273 | D        | Reached XP level 4. HP: 8/21 MP: 5/5
   679 | D        | Noticed Sigmund
   681 | D        | Killed Sigmund
   681 | D        | Reached ** piety under Trog
   681 | D        | Reached skill level 16 in Stealth
   681 | D        | Reached XP level 5. HP: 24/24 MP: 6/6
   695 | D        | Found a shimmering blue altar of Sif Muna.
   696 | D        | Found an ornate altar of the Wu Jian Council.
   697 | D        | Found a radiant altar of Vehumet.
   701 | D        | Gained mutation: You are covered in thick fur. (AC +2)
                  | [Felid growth]
   701 | D        | Reached XP level 6. HP: 28/28 MP: 7/7
   720 | D        | Found Ysuus's Antique Armour Emporium.
   720 | D        | Found an ancient bone altar of Kikubaaqudgha.
   720 | D        | Found a hazy altar of Hepliaklqana.
   720 | D        | Found a stormy altar of Qazlal.
   720 | D        | Found a hide-covered altar of Uskayaw.
   720 | D        | Found a blossoming altar of Fedhas.
   720 | D        | Found a bloodstained altar of Trog.
   720 | D        | Found an iron altar of Okawaru.
   720 | D        | Found a basalt altar of Yredelemnul.
   720 | D        | Found a glowing golden altar of the Shining One.
   720 | D        | Found a snail-covered altar of Cheibriados.
   720 | D        | Found a sacrificial altar of Ru.
   720 | D        | Found a glowing silver altar of Zin.
   720 | D        | Found a shadowy altar of Dithmenos.
   720 | D        | Found a white marble altar of Elyvilon.
   720 | D        | Noticed a yak
   730 | D        | Slain by a yak
   731 | D        | Reached XP level 5. HP: -3/24 MP: 6/6
   731 | D        | Found Axotwoy's Antique Weapon Boutique.
   733 | D        | Noticed Sonja
   736 | D        | Killed Sonja
   736 | D        | Reached skill level 18 in Stealth
   736 | D        | Reached XP level 6. HP: 31/31 MP: 7/7
   736 | D        | Reached XP level 7. HP: 35/35 MP: 8/8
   747 | D        | Killed a yak
   747 | D        | Reached *** piety under Trog
   766 | D        | Found an opulent altar of Gozag.
   767 | D        | Found a sparkling altar of Nemelex Xobeh.
   801 | D        | Found a burning altar of Makhleb.
   801 | D        | Found a shimmering altar of Xom.
   801 | D        | Noticed a slime creature
   802 | D        | Found a viscous altar of Jiyva.
   802 | D        | Found a corrupted altar of Lugonu.
   804 | D        | Killed a slime creature
   804 | D        | Reached XP level 8. HP: 35/40 MP: 9/9
   831 | D        | Noticed a centaur warrior
   831 | D        | Noticed a centaur warrior
   832 | D        | Killed a centaur warrior
   832 | D        | Reached skill level 10 in Dodging
   832 | D        | Reached skill level 19 in Stealth
   833 | D        | Killed a centaur warrior
   833 | D        | Reached XP level 9. HP: 43/45 MP: 10/10
   847 | D        | Reached **** piety under Trog
   882 | D        | Noticed an oklob plant
   884 | D        | Killed an oklob plant
   884 | D        | Reached skill level 20 in Stealth
   892 | D        | Reached skill level 10 in Fighting
   892 | D        | Reached skill level 10 in Unarmed Combat
   911 | D        | Noticed an unseen horror
   914 | D        | Noticed an unseen horror
   940 | D        | Killed an unseen horror
   951 | D        | Killed an unseen horror
   951 | D        | Reached XP level 10. HP: 51/51 MP: 11/11
  1430 | D        | Reached ***** piety under Trog
  1621 | D        | Reached ****** piety under Trog
  1624 | D        | Reached skill level 21 in Stealth
  1641 | D        | Found Celej's Gadget Shoppe.
  1641 | D        | Found Xopurrapnegh's Gadget Shop.
  1641 | D        | Found Zout's Antique Weapon Boutique.
  1643 | D        | Found Ceygayse's Book Emporium.
  1643 | D        | Found Nodar's Gadget Shop.
  1643 | D        | Found Zosa's Distillery.
  1643 | D        | Found Biashud's Gadget Boutique.
  1643 | D        | Found Bovutwyr's Assorted Antiques.
  1643 | D        | Found Woura's Distillery.
  1643 | D        | Found Pucaps's Jewellery Shoppe.
  1647 | D        | Found Pikkest's Distillery.
  1648 | D        | Found Quudd's Antique Armour Emporium.
  1648 | D        | Found Haocwar's General Store.
  1649 | D        | Found Qenlisch's Distillery.
  1700 | D        | Noticed a deep troll
  1702 | D        | Killed a deep troll
  1708 | D        | Found Ushranil's Armour Emporium.
  2047 | D        | Noticed a shining eye
  2047 | D        | Noticed a shining eye
  2047 | D        | Noticed a shining eye
  2047 | D        | Noticed a shining eye
  2047 | D        | Noticed a shining eye
  2047 | D        | Noticed a shining eye
  2050 | D        | Paralysed by a floating eye for 2 turns
  2051 | D        | Killed a shining eye
  2051 | D        | Killed a shining eye
  2052 | D        | Killed a shining eye
  2054 | D        | Killed a shining eye
  2054 | D        | Killed a shining eye
  2055 | D        | Noticed a shining eye
  2055 | D        | Noticed a shining eye
  2056 | D        | Reached skill level 15 in Dodging
  2058 | D        | Gained mutation: Your body sometimes deteriorates upon
                  | taking damage. [a shining eye]
  2059 | D        | Killed a shining eye
  2063 | D        | Gained mutation: You occasionally shout uncontrollably at
                  | your foes. [a shining eye]
  2065 | D        | Killed a shining eye
  2067 | D        | Killed a shining eye
  2086 | D        | Found Syiruv's Gadget Shoppe.
  2086 | D        | Found Racaoh's Jewellery Shop.
  2086 | D        | Found Welannim's Book Emporium.
  2086 | D        | Found Irioto's Assorted Antiques.
  2092 | D        | Bought a wand of digging (4) for 160 gold pieces
  2156 | D        | Bought an uncursed ring of flight for 175 gold pieces
  2158 | D        | Bought a square blue amulet for 155 gold pieces
  2166 | D        | Bought an onyx ring for 155 gold pieces
  2273 | D        | Noticed an orange demon
  2276 | D        | Reached XP level 11. HP: 56/56 MP: 12/12
  2338 | D        | Reached skill level 22 in Stealth
  2576 | D        | Killed the 27-headed Lernaean hydra
  2656 | D        | Noticed a lindwurm
  2658 | D        | Killed a lindwurm
  2745 | D        | Noticed a 12-headed hydra
  2747 | D        | Killed a 12-headed hydra
  2815 | D        | Noticed a daeva
  2819 | D        | Noticed an unseen horror
  2819 | D        | Noticed an unseen horror
  2819 | D        | Noticed an unseen horror
  2819 | D        | Noticed an unseen horror
  2821 | D        | Killed an unseen horror
  2822 | D        | Noticed an unseen horror
  2828 | D        | Killed an unseen horror
  2828 | D        | Reached skill level 23 in Stealth
  2832 | D        | Killed an unseen horror
  2835 | D        | Killed an unseen horror
  2836 | D        | Killed an unseen horror
  3067 | D        | Noticed a fire giant
  3069 | D        | Noticed a fire giant
  3070 | D        | Noticed a fire giant
  3073 | D        | Killed from afar by a fire giant
  3074 | D        | Reached XP level 10. HP: -39/54 MP: 11/11
  3092 | D        | Noticed an oklob plant
  3096 | D        | Noticed a merfolk siren
  3097 | D        | Noticed a mummy priest
  3098 | D        | Noticed a deep elf annihilator
  3099 | D        | Noticed a shadow wraith
  3099 | D        | Gained mutation: Potions are less effective at restoring
                  | your health. [a neqoxec]
  3102 | D        | Gained mutation: You possess an exceptional clarity of
                  | mind. [a neqoxec]
  3104 | D        | Gained mutation: You are frail. (-10% HP) [a neqoxec]
  3108 | D        | Killed a merfolk siren
  3108 | D        | Killed from afar by a ynoxinul
  3108 | D        | Killed a deep elf annihilator
  3108 | D        | Reached XP level 11. HP: 1/54 MP: 12/12
  3109 | D        | Reached XP level 10. HP: 1/50 MP: 11/11
  3146 | D        | Killed from afar by a fire giant

Levels and vault maps discovered:
D:        dungeon_sprint_1 [red_sonja_temple_1, red_sonja_temple_small_1]

Skill      XL: |  1  2  3  4  5  6  7  8  9 10 11 |
---------------+----------------------------------+-----
Stealth        | 8 12 16 18 19 20 21 23 | 23.4
Fighting       | 6 7 9 10 14 13 | 14.1
Dodging        | 8 9 11 13 15 17 | 17.6
Unarmed Combat | 6 7 9 10 12 14 | 14.1

Action                   |  1- 3 |  4- 6 |  7- 9 | 10-12 || total
-------------------------+-------+-------+-------+-------++-------
Melee: Unarmed           |     6 |    13 |    27 |   119 ||   165
       Bite              |     1 |     1 |     4 |    14 ||    20
       Punch             |       |       |       |    10 ||    10
Invok: Berserk           |     2 |       |     1 |     5 ||     8
       Brothers in Arms  |       |       |     1 |    10 ||    11
       Trog's Hand       |       |       |     1 |     7 ||     8
 Abil: Evoke Flight      |       |       |       |     1 ||     1
Evoke: Wand              |       |       |       |     1 ||     1
  Use: Potion            |     1 |       |       |     3 ||     4
       Scroll            |       |       |     1 |     3 ||     4
 Stab: Sleeping          |       |     3 |     7 |     9 ||    19
  Eat: Chunk             |     3 |       |     7 |     9 ||    19
       Ration            |       |       |       |     3 ||     3
Armor: Skin              |       |       |       |     3 ||     3
Dodge: Dodged            |     3 |     6 |    30 |   126 ||   165
Block: Other             |       |       |       |    16 ||    16
